 Dungeon Crawl Stone Soup version 0.30.0-29-ga12c61a403 (webtiles) character file.

Game seed: 3726152397376919595

23831 Tiring the Blocker (level 12, 0/110 HPs)
             Began as a Minotaur Fighter on June 12, 2023.
             Was the Champion of Jiyva.
             Slain by a skyshark (2 damage)
             ... on level 4 of the Lair of Beasts.
             The game lasted 00:21:11 (8902 turns).

Tiring the Blocker (Minotaur Fighter)               Turns: 8902, Time: 00:21:11

Health: 0/110      AC: 15    Str: 33    XL:     12   Next: 75%
Magic:  11/11      EV: 16    Int:  3    God:    Jiyva [******]
Gold:   1568       SH:  0    Dex:  9    Spells: 11/11 levels left

rFire   . . .        n - +5 rapier of the Vulture {freeze, rPois rN+}
rCold   + . .        l - +0 tower shield
rNeg    + . .        t - +0 chain mail
rPois   +            (helmet unavailable)
rElec   +            (no cloak)
rCorr   +            D - +0 pair of gloves
SInv    +            (no boots)
Will    .....        w - amulet of reflection Stlth
                     e - ring of poison resistance
HPRegen 1.98/turn    h - +5 ring of evasion
MPRegen 0.62/turn

%: reflection
@: confused, lethally poisoned (0 -> 0), ambrosia-drunk, marked
A: horns 3, retaliatory headbutt, hooves 1, iridescent scales 1, cold resistance
1, mutation resistance 1, poison resistance, electricity resistance, strong 2,
acidic bite, eyeballs 3, engulf
a: Renounce Religion, Oozemancy, Slimify


You were on level 4 of the Lair of Beasts.
You worshipped Jiyva.
Jiyva was exalted by your worship.
You visited 3 branches of the dungeon, and saw 14 of its levels.

You collected 1568 gold pieces.

Inventory:

Hand Weapons
 n - the +5 rapier of the Vulture (weapon) {freeze, rPois rN+}
   (You found it on level 5 of the Dungeon)

   rPois:     It protects you from poison.
   rN:        It protects you from negative energy.
 y - a +1 morningstar of protection
Missiles
 r - a throwing net (quivered)
Armour
 b - a +0 scale mail
 c - a +0 buckler
 l - a +0 tower shield (worn)
 t - a +0 chain mail (worn)
 D - a +0 pair of gloves (worn)
Jewellery
 e - a ring of poison resistance (left hand)
 h - a +5 ring of evasion (right hand)
 o - a ring of ice
 w - an amulet of reflection (around neck)
 A - an amulet of the acrobat
 B - an amulet of guardian spirit
Wands
 a - a wand of iceblast (1)
 m - a wand of mindburst (18)
 z - a wand of digging (5)
Scrolls
 g - 2 scrolls of enchant armour
 i - 7 scrolls of teleportation
 x - a scroll of fear
 E - 2 scrolls of identify
 F - 2 scrolls of enchant weapon
Potions
 d - 2 potions of might
 j - a potion of lignification
 k - 2 potions of degeneration
 p - a potion of flight
 q - 2 potions of heal wounds
 s - 2 potions of brilliance
 u - 2 potions of mutation
 v - a potion of resistance
 C - a potion of berserk rage


   Skills:
 + Level 11.1 Fighting
 + Level 9.0 Short Blades
 - Level 4.3 Maces & Flails
 + Level 11.3 Armour
 + Level 9.7 Dodging
 + Level 11.4 Shields
 + Level 9.7 Unarmed Combat
 + Level 1.4 Evocations


You had 11 spell levels left.
You didn't know any spells.
Your spell library contained the following spells:

 Spells                   Type           Power      Damage    Failure   Level
 Magic Dart               Conj           0%         1d3       99%         1
 Call Imp                 Summ           0%         N/A       99%         2
 Static Discharge         Conj/Air       0%         2-2/arc   99%         2
 Inner Flame              Hex/Fire       0%         N/A       100%        3
 Mephitic Cloud           Conj/Pois/Air  0%         N/A       100%        3
 Tukima's Dance           Hex            0%         N/A       100%        3
 Vhi's Electric Charge    Tloc/Air       0%         N/A       100%        3
 Airstrike                Air            0%         2d(0-16)  100%        4
 Flame Wave               Conj/Fire      0%         2d4       100%        4
 Passage of Golubria      Tloc           0%         N/A       100%        4
 Sticky Flame             Conj/Fire      0%         2d3       100%        4
 Blade Hands              Tmut           0%         N/A       100%        5
 Irradiate                Conj/Tmut      0%         3d11      100%        5
 Yara's Violent Unravell  Hex/Tmut       0%         3d3       100%        5
 Dragon Form              Tmut           0%         N/A       100%        7


Dungeon Overview and Level Annotations

Branches:
Dungeon (9/15)             Temple (1/1) D:6            Lair (4/5) D:9
  Swamp (0/4) Lair:3        Snake (0/4) Lair:3        Slime (0/5) Lair:4
    Orc: D:9-12

Altars:
Ashenzari
Cheibriados
Dithmenos
Elyvilon
Fedhas
Gozag
Hepliaklqana
Kikubaaqudgha
Makhleb
Nemelex Xobeh
Okawaru
Ru
Sif Muna
Trog
Uskayaw
Wu Jian
Xom
Yredelemnul
Zin
The Shining One
Jiyva

Annotations:
Temple 4 transporters


Innate Abilities, Weirdness & Mutations

You have a pair of large horns on your head.
You reflexively headbutt those who attack you in melee.
You have large cloven feet.
You are partially covered in iridescent scales. (AC +2)
Your flesh is cold resistant. (rC+)
You are somewhat resistant to further mutation.
Your system is resistant to poisons. (rPois)
You are resistant to electric shocks. (rElec)
Your muscles are very strong. (Str +8, Int/Dex -2)
You have acidic saliva.
Your body is covered in eyes which may confuse attackers. (Acc +7, SInv)
Your melee attacks may engulf your foes in ooze.


Message History

You feel very sick.
The cane toad is engulfed in calcifying dust.
The cane toad stops moving altogether!
The eight-headed hydra bites you.
* * * LOW HITPOINT WARNING * * *
You block the eight-headed hydra's attack.
The eight-headed hydra bites you!
* * * LOW HITPOINT WARNING * * *
You block the eight-headed hydra's attack.
The eight-headed hydra bites you but does no damage.
The eyeballs on your body gaze at the eight-headed hydra.
The eight-headed hydra bites you.
* * * LOW HITPOINT WARNING * * *
You block the eight-headed hydra's attack. x2
Okay, then.
You are confused.
You feel invigorated.
You feel very sick.
The cane toad is engulfed in calcifying dust.
The skyshark bites the eight-headed hydra!!
The skyshark tail-slaps the eight-headed hydra! x2
The cane toad is engulfed in calcifying dust.
You are too injured to fight recklessly!
The cane toad quivers uncontrollably and liquefies into a slime creature!
You feel very sick.
Are you sure you want to stumble around while confused and next to the slime creature?
This could place you under penance!
Okay, then.
There are no items here.
You feel very sick.
The slime creature hits the skyshark but does no damage.
The eight-headed hydra bites the slime creature!
The eight-headed hydra bites the slime creature!!
The eight-headed hydra bites the slime creature!
The eight-headed hydra bites the slime creature but does no damage.
The eight-headed hydra closely misses the slime creature.
The eight-headed hydra bites the slime creature!
The slime creature is killed!
The skyshark bites you!
* * * LOW HITPOINT WARNING * * *
The skyshark misses you. The skyshark tail-slaps you.
You die...

.........................
.........#..#.#..........
.......###..#...........
#P....##..>#.........#.
#...ยง............###..
##....##...#...........
#.....P#...#......P....
#..D..#...#......#....
#...l@............#.#.
#....##...#......##.#.
#.....###.##...........
.......# .#.##..........
......... ...............
......... ...............
[........ ..............
....... ..............
##.##...^#..##


You could see a skyshark (berserk, confused) and an eight-headed hydra
(confused).

Vanquished Creatures
  3 hydras
  Erica (Lair:1)
  A catoblepas (Lair:4)
  A death yak (Lair:2)
  Pikel (D:8)
  A torpor snail (Lair:2)
  5 cane toads
  2 rime drakes
  7 komodo dragons
  A polar bear (Lair:2)
  A troll (D:9)
  3 tyrant leeches (Lair:3)
  5 blink frogs (Lair:1)
  A slime creature (Lair:4)
  A wraith (D:9)
  A shadow (D:9)
  3 wyverns
  28 yaks
  A basilisk (Lair:2)
  2 steam dragons
  7 water moccasins
  3 nagas (Lair:3)
  2 swamp worms (Lair:3)
  2 orc warriors
  6 black bears
  An ogre (D:5)
  2 ice beasts (D:7)
  44 wolves
  4 lemures (D:8)
  2 centaurs (D:9)
  A phantom (D:5)
  2 kobold brigands
  5 bullfrogs
  Blork the orc (D:4)
  A scorpion (D:9)
  15 wights
  7 electric eels
  3 howler monkeys
  2 hounds (D:5)
  2 lava snakes (Lair:1)
  2 sleepcaps
  6 orc priests
  10 orc wizards
  5 iguanas
  3 gnolls (D:5)
  5 adders
  A shadow imp (D:6)
  2 white imps
  An ufetubus (D:6)
  A worm (D:3)
  3 dart slugs
  33 orcs
  2 endoplasms (D:1)
  2 giant cockroaches (D:1)
  6 goblins
  5 hobgoblins
  5 jackals
  7 kobolds
  2 quokkas
  2 ball pythons
  8 bats
  A frilled lizard (D:1)
  5 rats
298 creatures vanquished.

Vanquished Creatures (collateral kills)
  A two-headed ogre (D:8)
1 creature vanquished.

Vanquished Creatures (others)
  A cane toad (Lair:1)
  A naga (Lair:3)
  A water moccasin (D:6)
  An ogre (D:5)
  4 wolves
  A phantom (D:6)
  A bullfrog (D:8)
  A howler monkey (D:8)
  23 jellies
  An orc priest (D:3)
  An orc wizard (D:9)
  2 adders (D:3)
  8 orcs
  A bat (D:3)
  An endoplasm (D:4)
  A giant cockroach (D:3)
  2 hobgoblins (D:3)
  2 jackals (D:5)
  2 kobolds
  A ball python (D:2)
  2 frilled lizards
  A goblin (D:3)
  3 rats (D:3)
62 creatures vanquished.

Grand Total: 361 creatures vanquished

Notes
Turn   | Place    | Note
-------+----------+-------------------------------------------
     0 | D:1      | Tiring the Minotaur Fighter began the quest for the Orb.
     0 | D:1      | Reached XP level 1. HP: 19/19 MP: 0/0
   142 | D:1      | Reached XP level 2. HP: 27/27 MP: 1/1
   171 | D:1      | Found a faded altar of an unknown god.
   205 | D:1      | Prayed at the altar of an unknown god.
   205 | D:1      | Became a worshipper of Jiyva Jecacsau the Shapeless
   205 | D:1      | Reached * piety under Jiyva
   421 | D:2      | Reached XP level 3. HP: 33/33 MP: 2/2
   430 | D:2      | Reached skill level 1 in Unarmed Combat
   440 | D:2      | Reached skill level 1 in Dodging
   539 | D:2      | Reached ** piety under Jiyva
  1109 | D:3      | Reached *** piety under Jiyva
  1209 | D:3      | Found a glowing golden altar of the Shining One.
  1338 | D:3      | Gained mutation: You have a pair of large horns on your
                  | head. [Jiyva's grace]
  1338 | D:3      | Gained mutation: You are somewhat resistant to further
                  | mutation. [Jiyva's grace]
  1338 | D:3      | Gained mutation: You are somewhat resistant to both further
                  | mutation and mutation removal. [Jiyva's grace]
  1338 | D:3      | Gained mutation: You are almost entirely resistant to
                  | further mutation and mutation removal. [Jiyva's grace]
  1850 | D:4      | Reached XP level 4. HP: 34/40 MP: 3/3
  1895 | D:4      | Found a sacrificial altar of Ru.
  1960 | D:4      | Reached **** piety under Jiyva
  1998 | D:4      | Reached XP level 5. HP: 46/46 MP: 4/4
  2068 | D:4      | Noticed Blork the orc
  2074 | D:4      | Killed Blork the orc
  2189 | D:4      | Got the Volume of Ceraunoscopy
  2266 | D:5      | Entered Level 5 of the Dungeon
  2288 | D:5      | Noticed a black bear
  2298 | D:5      | Killed a black bear
  2299 | D:5      | Reached XP level 6. HP: 35/53 MP: 5/5
  2351 | D:5      | You fall into a shaft and drop 2 floors!
  2504 | D:5      | Reached skill level 5 in Armour
  2504 | D:5      | Reached skill level 5 in Shields
  2505 | D:5      | Reached skill level 5 in Fighting
  2505 | D:5      | Reached XP level 7. HP: 61/61 MP: 3/6
  2538 | D:5      | Identified the +5 rapier of the Vulture {freeze, rPois rN+}
  2966 | D:6      | Reached skill level 1 in Short Blades
  3018 | D:6      | Found a bloodstained altar of Trog.
  3027 | D:6      | Reached XP level 8. HP: 70/70 MP: 7/7
  3049 | D:6      | Found a staircase to the Ecumenical Temple.
  3075 | D:6      | Gained mutation: Your flesh is cold resistant. (rC+)
                  | [Jiyva's grace]
  3075 | D:6      | Gained mutation: Your flesh is very cold resistant. (rC++)
                  | [Jiyva's grace]
  3075 | D:6      | Gained mutation: Your flesh is almost immune to the effects
                  | of cold. (rC+++) [Jiyva's grace]
  3075 | D:6      | Gained mutation: You are partially covered in iridescent
                  | scales. (AC +2) [Jiyva's grace]
  3231 | D:6      | Reached ***** piety under Jiyva
  3405 | Temple   | Entered the Ecumenical Temple
  3405 | Temple   | Found a transporter.
  3405 | Temple   | Found a transporter.
  3407 | Temple   | Found a transporter.
  3407 | Temple   | Found a transporter.
  3891 | D:7      | Reached skill level 5 in Unarmed Combat
  3898 | D:7      | Reached skill level 5 in Dodging
  4146 | D:8      | Noticed Pikel
  4155 | D:8      | Killed Pikel
  4156 | D:8      | Reached XP level 9. HP: 78/78 MP: 8/8
  4310 | D:8      | Noticed a two-headed ogre
  4318 | D:8      | Killed a two-headed ogre
  4802 | D:9      | Noticed a troll
  4812 | D:9      | Killed a troll
  4825 | D:9      | Noticed a komodo dragon
  4841 | D:9      | Killed a komodo dragon
  4842 | D:9      | Reached skill level 5 in Short Blades
  4842 | D:9      | Reached XP level 10. HP: 45/88 MP: 9/9
  4894 | D:9      | Identified a scroll of acquirement
  4894 | D:9      | Acquired 1000 gold pieces
  4914 | D:9      | Found a staircase to the Lair.
  5008 | D:9      | Lost mutation: You are almost entirely resistant to further
                  | mutation and mutation removal. [Jiyva's grace]
  5008 | D:9      | Gained mutation: You are resistant to electric shocks.
                  | (rElec) [Jiyva's grace]
  5008 | D:9      | Gained mutation: You have large cloven feet. [Jiyva's
                  | grace]
  5008 | D:9      | Gained mutation: You have hoof-like feet. [Jiyva's grace]
  5008 | D:9      | Gained mutation: You have hooves in place of feet. [Jiyva's
                  | grace]
  5178 | D:9      | Reached ****** piety under Jiyva
  5889 | Lair:1   | Entered Level 1 of the Lair of Beasts
  5980 | Lair:1   | Noticed Erica
  6007 | Lair:1   | Killed Erica
  6018 | Lair:1   | Reached XP level 11. HP: 95/97 MP: 10/10
  6441 | Lair:1   | Lost mutation: You have hooves in place of feet. [Jiyva's
                  | grace]
  6441 | Lair:1   | Lost mutation: You have hoof-like feet. [Jiyva's grace]
  6441 | Lair:1   | Lost mutation: Your flesh is almost immune to the effects
                  | of cold. (rC+++) [Jiyva's grace]
  6441 | Lair:1   | Lost mutation: You are somewhat resistant to both further
                  | mutation and mutation removal. [Jiyva's grace]
  6441 | Lair:1   | Gained mutation: Your body has grown eyes which may confuse
                  | attackers. (Acc +3) [Jiyva's grace]
  6441 | Lair:1   | Gained mutation: Your body has grown many eyes which may
                  | confuse attackers. (Acc +5) [Jiyva's grace]
  6441 | Lair:1   | Gained mutation: Your body is covered in eyes which may
                  | confuse attackers. (Acc +7, SInv) [Jiyva's grace]
  6441 | Lair:1   | Gained mutation: You have acidic saliva. [Jiyva's grace]
  6900 | Lair:2   | Reached skill level 10 in Shields
  6902 | Lair:2   | Reached skill level 10 in Armour
  6934 | Lair:2   | Reached skill level 10 in Fighting
  6942 | Lair:2   | Noticed a death yak
  6942 | Lair:2   | Noticed a death yak
  6947 | Lair:2   | Slimified a death yak
  6947 | Lair:2   | a death yak changed into a slime creature
  6968 | Lair:2   | Killed a death yak
  6999 | Lair:2   | Noticed a four-headed hydra
  7011 | Lair:2   | Killed a four-headed hydra
  7012 | Lair:2   | Reached XP level 12. HP: 97/106 MP: 11/11
  7017 | Lair:2   | Found a gate leading to a gauntlet.
  8030 | Lair:3   | Lost mutation: Your flesh is very cold resistant. (rC++)
                  | [Jiyva's grace]
  8030 | Lair:3   | Gained mutation: Your system is resistant to poisons.
                  | (rPois) [Jiyva's grace]
  8030 | Lair:3   | Gained mutation: Your melee attacks may engulf your foes in
                  | ooze. [Jiyva's grace]
  8030 | Lair:3   | Gained mutation: Your muscles are strong. (Str +4, Int/Dex
                  | -1) [Jiyva's grace]
  8030 | Lair:3   | Gained mutation: Your muscles are very strong. (Str +8,
                  | Int/Dex -2) [Jiyva's grace]
  8053 | Lair:3   | Found a staircase to the Snake Pit.
  8156 | Lair:3   | Noticed a six-headed hydra
  8163 | Lair:3   | Killed a six-headed hydra
  8468 | Lair:3   | Found a staircase to the Swamp.
  8623 | Lair:4   | Found a viscous altar of Jiyva.
  8690 | Lair:4   | Found a staircase to the Slime Pits.
  8798 | Lair:4   | Noticed a four-headed hydra
  8806 | Lair:4   | Killed a four-headed hydra
  8807 | Lair:4   | Reached skill level 1 in Evocations
  8874 | Lair:4   | Noticed a catoblepas
  8885 | Lair:4   | Noticed an eight-headed hydra
  8896 | Lair:4   | Killed a catoblepas
  8902 | Lair:4   | HP: 2/110 [skyshark (16)]
  8902 | Lair:4   | Slain by a skyshark

Illustrated notes

Levels and vault maps discovered:
D:1:      dpeg_arrival_three_same_balls, layout_rooms,
          shapermc_ecumenical_altar_mp_ritualfount
D:2:      layout_loops_ring
D:3:      layout_loops_corners, tso_metal_star, st_stairs_1
D:4:      layout_basic, nicolae_ru_awakened_eye, uniq_blork_the_orc
D:5:      layout_basic, amcnicky_mini_pool_medium
D:6:      layout_rooms, trog_ov_bears_minmay, minmay_temple_entry_sparse_star
D:7:      layout_gridville
D:8:      layout_loops_ring, uniq_pikel
D:9:      layout_roguey, grunt_lair_entry_orc_guard_hut,
          serial_co_window_serial, co_window_of_opportunity_a,
          co_window_paths_b, co_window_cross_1, co_window_corner_a,
          co_window_of_opportunity_a, co_window_paths_b, co_window_corner_a,
          co_window_broadway_c, co_window_broadway_c,
          co_window_of_opportunity_c, co_window_corner_cb, co_window_2corner,
          co_window_of_opportunity_b, co_window_paths_e, glass_columns_c,
          glass_columns_c, glass_columns_a
Temple:   hellmonk_temple_divided_pantheon
Lair:1:   statuecave_lemuel, layout_hall_layers, nicolae_lair_liquid_snakes,
          lemuel_fruit_tree, infiniplex_staircase_pool, uniq_erica
Lair:2:   layout_concentric_octagons, gauntlet_entry_generic,
          grunt_forest_large_clearings
Lair:3:   layout_concentric_octagons, minmay_swamp_entry_worms,
          minmay_snake_entry_guardpost_small, nicolae_quartered_pool_impasse,
          serial_bayou_shore_b
Lair:4:   layout_regular_city, nicolae_slime_entry_field_trip

Skill      XL: |  1  2  3  4  5  6  7  8  9 10 11 12 |
---------------+-------------------------------------+-----
Shields        | 4 5 7 8 9 10 11 | 11.4
Unarmed Combat | 1 2 3 4 5 6 7 8 9 |  9.7
Dodging        | 1 2 3 5 6 7 8 9 |  9.7
Armour         | 4 5 7 8 9 10 11 | 11.3
Maces & Flails | 3 4 |  4.3
Fighting       | 4 5 6 7 9 10 11 | 11.1
Short Blades   | 1 3 5 6 8 9 |  9.0
Evocations     | 1 |  1.4

Action                     |  1- 3 |  4- 6 |  7- 9 | 10-12 || total
---------------------------+-------+-------+-------+-------++-------
  Melee: Flail             |    74 |    62 |     3 |       ||   139
         Headbutt          |    11 |     5 |    46 |   109 ||   171
         Rapier            |       |       |   238 |   516 ||   754
         Kick              |       |       |       |   184 ||   184
         Bite              |       |       |       |    46 ||    46
 Invoke: Oozemancy         |       |     1 |       |     3 ||     4
         Slimify           |       |       |       |     2 ||     2
  Evoke: Wand              |       |       |       |     4 ||     4
    Use: Scroll            |     5 |     6 |     6 |     5 ||    22
         Potion            |       |       |       |     2 ||     2
   Stab: Confused          |       |       |       |     7 ||     7
 Armour: Scale mail        |    25 |    16 |    37 |       ||    78
         Chain mail        |       |       |    41 |   125 ||   166
  Dodge: Dodged            |    58 |    34 |    96 |   164 ||   352
  Block: Buckler           |    18 |     3 |       |       ||    21
         Tower shield      |       |    40 |   207 |   511 ||   758
         Reflection        |       |       |       |    18 ||    18
